Map: Efflorescence LE

Players

Throwfordays - Winner!

  • Race: Protoss Protoss
  • League: Silver
  • Spawn Location: 3:00

Faust - Winner!

  • Race: Zerg Zerg
  • League: Diamond
  • Spawn Location: 12:00

ssjchuck

  • Race: Zerg Zerg
  • League: Gold
  • Spawn Location: 6:00

CHODIEFOSTER

  • Race: Terran Terran
  • League: Diamond
  • Spawn Location: 9:00

VOD

Have the link to the VOD?

Description

Time

  • Played on: April 3, 2019, 10:36 p.m.
  • Length: 16:01
Show
View Real Time Build Order
Export as new Build Order

Throwfordays Protoss - Winner!

Build Orders:  

Get SALT Encoding   

  12  0:03  Probe  
  13  0:15  Probe  
  13  0:18  Pylon  
  14  0:27  Probe  
  15  0:38  Probe  
  15  0:39  Gateway  
  16  0:46  Assimilator, Probe  
  16  0:54  Probe  
  18  1:05  Probe  
  19  1:18  Probe  
  20  1:20  Gateway  
  20  1:26  Cybernetics Core  
  20  1:30  Probe  
  21  1:42  Warp Gate  
  21  1:59  Gateway  
  21  2:00  Gateway  
  21  2:04  Assimilator  
  21  2:07  Pylon  
  21  2:08  Probe  
  22  2:25  Adept x2  
  26  2:33  Pylon  
  26  2:36  Probe  
  27  2:47  Stalker  
  27  2:48  Probe  
  27  2:51  Stalker  
  32  3:18  Nexus  
  32  3:37  Stalker x2  
  36  3:55  Probe  
  37  4:04  Probe  
  38  4:13  Pylon, Probe  
  39  4:29  Probe  
  40  4:41  Probe  
  37  5:07  Probe  
  37  5:10  Probe  
  37  5:12  Pylon  
  39  5:15  Probe  
  39  5:18  Probe  
  39  5:20  Forge  
  40  5:25  Probe  
  40  5:27  Adept x4  
  40  5:28  Probe  
  51  5:37  Probe  
  51  5:40  Probe  
  49  5:49  Probe  
  46  5:52  Probe  
  47  5:58  Assimilator  
  47  6:01  Probe  
  47  6:02  Assimilator  
  48  6:04  Pylon  
  48  6:07  Pylon  
  48  6:08  Gateway  
  48  6:09  Pylon, Stalker x2  
  48  6:10  Gateway  
  52  6:11  Pylon  
  52  6:13  Probe  
  51  6:26  Probe  
  52  6:38  Probe  
  52  6:39  Protoss Ground Weapons Level 1  
  53  6:42  Stalker x3  
  53  6:43  Stalker  
  61  6:52  Probe  
  56  7:01  Twilight Council  
  56  7:04  Probe  
  56  7:07  Stalker  
  56  7:08  Stalker  
  61  7:10  Stalker  
  63  7:16  Probe  
  63  7:21  Nexus  
  64  7:26  Sentry x2  
  64  7:27  Sentry  
  64  7:29  Blink  
  70  7:42  Forge  
  70  7:46  Assimilator  
  70  7:50  Assimilator, Probe  
  71  7:53  Probe  
  71  7:55  Pylon  
  71  7:58  Pylon  
  72  8:01  Pylon  
  72  8:02  Probe  
  72  8:05  Protoss Ground Armor Level 1, Probe  
  74  8:14  Probe  
  74  8:17  Probe  
  76  8:26  Probe  
  77  8:27  Adept x4  
  77  8:28  Adept x2  
  77  8:29  Probe  
  90  8:37  Protoss Ground Weapons Level 2  
  90  8:38  Probe  
  91  8:41  Probe  
  92  8:54  Stalker x5  
  92  8:55  Stalker  
  104  9:00  Probe  
  105  9:03  Probe  
  105  9:08  Probe  
  107  9:13  Probe  
  107  9:15  Probe  
  109  9:20  Probe  
  110  9:25  Probe  
  110  9:27  Probe  
  110  9:30  Charge  
  112  9:32  Probe  
  103  10:13  Protoss Ground Armor Level 2, Robotics Facility  
  99  10:17  Pylon  
  99  10:18  Stalker  
  99  10:19  Stalker x2  
  99  10:20  Stalker x2  
  99  10:21  Stalker  
  111  10:22  Pylon  
  111  10:23  Robotics Facility  
  111  10:28  Robotics Facility  
  111  10:51  Templar Archives  
  111  10:53  Dark Shrine  
  111  10:58  Pylon  
  111  11:00  Pylon, Resonating Glaives  
  111  11:02  Protoss Ground Weapons Level 3  
  111  11:13  Nexus  
  111  11:16  Nexus  
  111  11:17  Robotics Bay  
  111  11:19  Immortal x3  
  123  11:29  Psionic Storm  
  123  11:34  High Templar  
  123  11:35  High Templar x4  
  123  11:37  High Templar  
  135  11:41  Assimilator  
  135  11:44  Assimilator  
  135  11:46  Assimilator  
  135  11:48  Assimilator  
  135  11:49  Archon x3  
  135  12:08  Zealot x5  
  141  12:10  Zealot  
  101  12:31  Stalker x3  
  101  12:32  Stalker x3  
  95  12:38  Immortal x3  
  97  12:50  Probe  
  97  12:52  Probe  
  97  12:57  Probe  
  100  12:58  Probe  
  100  13:04  Probe  
  102  13:07  Probe  
  102  13:08  Probe  
  102  13:10  Probe  
  105  13:17  Colossus x3  
  105  13:19  Probe  
  124  13:22  Probe  
  125  13:31  Probe  
  120  13:43  Probe  
  121  13:48  High Templar x3  
  121  13:49  High Templar x3  
  121  13:55  Probe  
  134  14:10  Extended Thermal Lance  
  134  14:14  Archon  
  134  14:15  Archon x2  
  134  14:19  Probe  
  135  14:26  Probe  
  135  14:29  Immortal x3  
  136  14:31  Probe x2  
  136  14:34  Zealot x6  
  150  14:38  Probe  
  150  14:43  Probe x2  
  165  14:51  Probe  
  166  14:53  Probe  
  166  14:56  Pylon, Probe  
  166  14:59  Pylon  
  168  15:01  Zealot x5, Probe  
  168  15:02  Zealot  
  168  15:03  Probe  
  182  15:08  Probe  
  182  15:11  Probe  
  184  15:15  Probe  
  184  15:20  Probe  
  174  15:23  Probe  
  169  15:35  Probe  
Show
View Real Time Build Order
Export as new Build Order

Faust Zerg - Winner!

Build Orders: Hatch First 

Get SALT Encoding   

  12  0:01  Drone  
  13  0:08  Drone  
  14  0:18  Overlord  
  14  0:22  Extractor  
  14  0:24  Drone  
  15  0:38  Drone x2  
  17  0:56  Hatchery  
  16  0:58  Drone  
  16  1:01  Extractor  
  16  1:10  Drone  
  17  1:12  Drone  
  18  1:22  Spawning Pool  
  17  1:27  Drone  
  17  1:28  Drone  
  19  1:39  Overlord  
  19  2:08  Metabolic Boost  
  19  2:09  Queen x2  
  19  2:10  Zergling x2  
  19  2:12  Drone  
  25  2:18  Drone  
  25  2:20  Drone  
  27  2:23  Drone  
  28  2:32  Evolution Chamber  
  27  2:40  Zergling x2  
  27  2:44  Extractor  
  27  2:45  Zergling x4  
  28  2:59  Zerg Melee Weapons Level 1  
  28  3:00  Drone x3  
  28  3:02  Overlord  
  31  3:09  Drone x2  
  33  3:17  Baneling Nest, Drone  
  33  3:31  Zergling x2  
  33  3:32  Zergling x6  
  37  3:57  Zergling x14  
  44  4:03  Baneling x2  
  44  4:04  Baneling x2  
  40  4:24  Drone  
  40  4:25  Drone x3  
  42  4:42  Hatchery  
  41  4:48  Lair  
  41  4:52  Spore Crawler  
  40  4:54  Extractor  
  40  4:55  Spore Crawler, Drone x3  
  41  5:02  Overlord  
  42  5:07  Drone x2  
  43  5:18  Baneling x3  
  43  5:19  Baneling  
  43  5:20  Baneling  
  43  5:22  Drone x2  
  43  5:23  Drone  
  41  5:55  Baneling x3  
  41  5:56  Baneling x4  
  41  5:58  Drone x3  
  41  6:01  Drone x4, Spire  
  41  6:03  Queen  
  45  6:20  Drone x3  
  45  6:21  Drone x5  
  54  6:32  Drone  
  54  6:33  Drone x3  
  54  6:37  Extractor  
  54  6:39  Drone  
  57  6:40  Drone  
  57  6:41  Overlord  
  58  6:57  Overlord x2  
  58  7:01  Zerg Melee Weapons Level 2  
  58  7:05  Infestation Pit  
  57  7:12  Evolution Chamber  
  56  7:17  Drone x3  
  56  7:18  Drone  
  56  7:19  Drone x10  
  56  7:22  Extractor x2  
  69  7:25  Overlord x2  
  69  7:29  Drone x3  
  71  7:32  Overseer  
  71  7:35  Drone x3  
  74  7:44  Overlord  
  74  7:46  Drone x2  
  74  7:51  Hatchery  
  75  7:53  Hive  
  75  7:56  Zerg Ground Armor Level 1  
  75  7:58  Zerg Flyer Weapons Level 1  
  75  8:00  Centrifical Hooks  
  75  8:02  Drone x2  
  77  8:23  Overseer  
  77  8:24  Pneumatized Carapace  
  77  8:25  Burrow  
  77  8:50  Zergling x28  
  77  8:51  Zergling x14  
  98  8:59  Drone  
  98  9:00  Drone x6, Hatchery  
  104  9:02  Queen  
  104  9:04  Overlord x2  
  106  9:11  Adrenal Glands  
  106  9:30  Ultralisk Cavern  
  84  9:56  Drone  
  84  9:57  Drone x8  
  84  9:59  Extractor  
  92  10:00  Extractor  
  91  10:27  Drone x2  
  91  10:28  Drone x4  
  95  10:30  Ultralisk x4  
  95  10:31  Ultralisk x2  
  95  10:34  Zerg Ground Armor Level 2, Zerg Melee Weapons Level 3  
  133  10:36  Overlord x3  
  133  10:37  Overlord x4  
  133  10:39  Chitinous Plating  
  133  10:47  Spore Crawler  
  132  10:50  Spine Crawler  
  132  10:52  Spine Crawler  
  130  10:57  Overlord x2  
  130  10:58  Overlord x2  
  130  11:04  Extractor  
  129  11:05  Hatchery  
  129  11:08  Extractor  
  127  11:21  Drone  
  101  11:53  Drone x4  
  104  11:54  Drone x11  
  104  11:58  Anabolic Synthesis  
  115  12:06  Drone x3  
  115  12:07  Drone x3  
  121  12:09  Ultralisk x9  
  175  12:16  Drone  
  175  12:17  Drone x6  
  182  12:38  Queen  
  182  12:53  Hatchery  
  182  12:55  Extractor  
  171  13:17  Zerg Ground Armor Level 3  
  159  13:48  Corruptor x13  
  159  13:49  Corruptor x5  
  171  14:05  Drone  
  171  14:06  Drone x5  
  165  14:12  Hydralisk Den  
  165  14:16  Drone x3  
  165  14:17  Drone x6  
  161  14:40  Spire  
  160  14:47  Spine Crawler x2  
  160  14:48  Drone  
  160  14:49  Drone x6  
  160  14:50  Drone  
Show
View Real Time Build Order
Export as new Build Order

ssjchuck Zerg 

Build Orders: Hatch First 

Get SALT Encoding   

  12  0:01  Drone  
  13  0:15  Drone  
  13  0:18  Overlord  
  14  0:55  Drone  
  14  0:56  Drone x2  
  17  1:02  Hatchery  
  16  1:09  Drone  
  17  1:14  Extractor  
  17  1:17  Spawning Pool  
  16  1:18  Drone  
  16  1:33  Drone  
  17  1:52  Drone x2  
  19  2:01  Drone  
  20  2:16  Drone  
  20  2:17  Drone  
  22  2:42  Hatchery  
  21  2:47  Drone x3  
  21  2:48  Zergling x4, Drone  
  28  3:04  Drone  
  28  3:12  Roach Warren  
  27  3:25  Zergling x2  
  27  3:26  Overlord x2  
  28  3:31  Metabolic Boost  
  28  3:44  Queen  
  27  3:50  Queen  
  29  3:56  Roach x3  
  35  4:19  Queen  
  35  4:23  Drone x2  
  35  4:24  Drone x4  
  24  4:36  Roach  
  16  4:56  Spine Crawler  
  11  5:16  Drone  
  11  6:07  Spawning Pool  
  7  6:44  Drone x4  
  11  7:12  Drone  
  11  7:13  Drone  
  13  7:32  Drone x2  
  15  7:42  Drone  
  16  7:54  Drone x2  
  18  8:00  Drone  
  18  8:02  Drone  
  20  8:13  Drone x2  
  22  8:31  Overlord  
  22  8:32  Overlord  
  22  8:54  Drone x2  
  22  8:55  Drone  
  25  9:00  Extractor  
  24  9:07  Queen  
  26  9:43  Queen  
  28  9:54  Zergling x2  
  28  9:55  Zergling x8  
  33  10:16  Zergling x4  
  33  10:18  Queen  
  37  10:27  Baneling Nest  
  36  10:39  Drone x2  
  38  10:49  Overlord  
  38  10:55  Hatchery  
  37  11:07  Queen  
  37  11:10  Zergling x2  
  37  11:11  Zergling x4  
  42  11:34  Baneling  
  42  11:35  Baneling x4  
  42  11:43  Queen  
  44  12:02  Zergling x4  
  46  12:18  Queen  
  35  12:42  Zergling x6  
  35  12:43  Zergling x6  
  38  12:48  Queen  
  40  12:54  Queen  
  42  13:06  Drone x2  
  36  13:23  Zergling x4  
  36  13:24  Queen  
  36  13:26  Zergling x6  
  41  13:30  Queen  
  37  13:45  Zergling x4  
  34  13:58  Zergling x2  
  34  13:59  Zergling x4  
  34  14:00  Queen  
  39  14:04  Zergling x2  
  39  14:27  Zergling x6  
  39  14:28  Zergling x2  
  39  14:30  Queen  
  45  14:35  Queen  
Show
View Real Time Build Order
Export as new Build Order

CHODIEFOSTER Terran 

Build Orders: Reaper Expand 

Get SALT Encoding   

  12  0:01  SCV  
  13  0:13  SCV  
  14  0:18  Supply Depot  
  14  0:25  SCV  
  15  0:39  SCV  
  15  0:40  Barracks  
  16  0:45  Refinery  
  16  0:52  SCV  
  17  1:04  SCV  
  18  1:16  SCV  
  19  1:28  Reaper  
  19  1:30  Orbital Command  
  20  1:44  Command Center  
  20  1:51  Refinery  
  20  1:56  SCV  
  21  2:01  Supply Depot  
  21  2:05  Barracks Reactor  
  21  2:08  SCV  
  22  2:21  SCV  
  22  2:59  Marine x2, Factory  
  22  3:01  Orbital Command  
  24  3:17  Marine x2  
  26  3:22  SCV  
  27  3:29  SCV  
  28  3:37  Marine x2, Barracks  
  30  3:43  Factory Tech Lab  
  30  3:47  Starport  
  30  3:53  SCV x2  
  30  3:54  Marine x2  
  37  4:05  SCV x2  
  36  4:17  SCV x2  
  36  4:20  Armory  
  36  4:22  Supply Depot  
  36  4:23  Supply Depot  
  42  4:24  Hellion x2  
  42  4:25  Marine  
  42  4:26  Barracks Reactor  
  42  4:28  Starport Reactor  
  42  4:29  SCV x2  
  45  4:35  Supply Depot  
  45  4:46  Stimpack  
  45  4:55  Hellion x2  
  49  5:04  Marine x3  
  52  5:07  Command Center  
  39  5:50  SCV  
  39  5:51  SCV  
  39  5:53  Medivac x2, Hellion x2  
  39  5:55  Marine x3  
  48  6:03  SCV x2  
  50  6:13  Marine  
  47  6:22  Hellion x2  
  47  6:23  Orbital Command  
  51  6:27  Barracks  
  51  6:30  Barracks  
  51  6:32  Marine x3, Engineering Bay  
  52  6:35  Engineering Bay  
  54  6:50  Marine x3  
  56  7:01  Terran Infantry Armor Level 1, Terran Infantry Weapons Level 1  
  56  7:06  SCV x3  
  56  7:08  Refinery  
  59  7:12  Factory  
  59  7:13  Hellion  
  59  7:15  Combat Shield, Barracks  
  61  7:20  SCV x2  
  61  7:22  Barracks Reactor  
  63  7:24  Barracks Tech Lab  
  63  7:33  SCV  
  63  7:34  SCV x2  
  66  7:37  Marine  
  66  7:38  Marine x2  
  69  7:47  SCV x3  
  69  7:49  Concussive Shells  
  69  7:51  Marauder  
  74  7:56  Marauder  
  74  7:57  Factory Tech Lab  
  76  8:02  Marine x2, Barracks  
  76  8:03  Marine x2  
  76  8:05  Hellion x2  
  84  8:10  SCV  
  84  8:11  Barracks Reactor  
  85  8:18  Orbital Command  
  85  8:20  Missile Turret  
  85  8:22  Refinery  
  85  8:30  SCV x2, Medivac x2  
  85  8:32  Supply Depot  
  85  8:33  Supply Depot x2  
  91  8:43  SCV  
  92  8:54  Siege Tank  
  95  8:59  Terran Infantry Weapons Level 2  
  95  9:00  Terran Infantry Armor Level 2  
  95  9:03  Supply Depot, Factory Tech Lab  
  95  9:04  Supply Depot  
  95  9:05  Marine x2  
  95  9:06  Marine x3  
  95  9:07  Supply Depot, Marauder  
  95  9:09  Marine  
  103  9:12  Marauder  
  105  9:23  Siege Tank  
  108  9:24  Marine x2  
  108  9:25  Marine  
  108  9:26  Siege Tank  
  84  10:15  Marine x4, Marauder x2  
  84  10:16  Marine x3  
  84  10:17  Medivac x2, Siege Tank x2  
  84  10:20  SCV x2  
  107  10:26  Command Center  
  107  10:32  Terran Vehicle Weapons Level 1  
  107  10:36  SCV x2, Marauder  
  111  10:44  Marine x3  
  114  10:54  Marine, SCV x2  
  114  10:55  Siege Tank x2  
  123  11:03  Marine x3  
  126  11:09  Marine x6  
  132  11:12  Marine, Supply Depot  
  132  11:14  Supply Depot  
  125  12:13  Marine x3, Marauder  
  125  12:14  Marine, Marauder  
  109  12:29  Marine  
  97  12:30  Marine x3  
  97  12:31  Siege Tank x2  
  97  12:32  Medivac x2  
  97  12:35  Marauder x2  
  114  12:45  Marine x3  
  114  12:46  Terran Infantry Armor Level 3, Terran Infantry Weapons Level 3  
  117  12:51  Terran Vehicle Weapons Level 2  
  117  12:56  Marauder x2  
  121  13:04  Marine x4  
  118  13:18  Marauder x2  
  93  13:49  Marine x5  
  93  13:50  Marine x5  
  102  14:00  Siege Tank x2  
  105  14:07  Marine x2  
  105  14:08  Marauder  
  105  14:09  Marauder  
  105  14:22  Marine  
  105  14:23  Marine x4  
  104  14:32  Marine x4  
  108  14:52  Marine x4  
  110  14:54  Marine  
Tags
 
Add a new tag
Caveats
  • Supply blocks, unpowered buildings, or Contaminate may cause inaccurate times.
  • Supply counts are checked every 10 seconds.